[ AOE2 MATCH · #505042244 ]
UnrankedPoles vs Ethiopians
Player's team · LOSS
[ REPLAY ANALYSIS · EXTRACTED FROM THE RECORDED GAME ]
Feudal
11:13
Castle
—
Imperial
—
| APM avg | 48.0 |
| APM peak | 77 |
| eAPM avg | 24.5 |
| Villagers / military | 44 / 3 |
Focus
⚔️ 34.4% · 🌾 65.6%
Militia ×3
Feudal
10:56
Castle
14:27
Imperial
—
| APM avg | 69.4 |
| APM peak | 92 |
| eAPM avg | 32.8 |
| Villagers / military | 28 / 6 |
Focus
⚔️ 44.2% · 🌾 55.8%
Archer ×6
Match map
Initial resources + every placement click. Lines = walls · curves = elevation contours. ◆ gold · ⬟ stone · ● berries · ✦ relic · ◌ wall gap
Your base· ✓ Closed at 12:00 · 37t walls · no gate
Edelreiss's base· ✓ Closed at 14:27 · 22t walls · no gate
Smoothed initial terrain · ◌ = detected wall gap · hover for details
Inputs per minute
— Ceeelebrate - - Edelreiss
Build order — Ceeelebrate
74 actions detected in the replay
| 0:00 | Create | Villager (Male) |
| 0:03 | Build | House |
| 0:09 | Create | Villager (Male) |
| 0:09 | Create | Villager (Male) |
| 0:09 | Create | Villager (Male) |
| 0:09 | Create | Villager (Male) |
| 0:19 | Research | Loom |
| 0:19 | Create | Villager (Male) |
| 0:20 | Create | Villager (Male) |
| 0:20 | Create | Villager (Male) |
| 0:20 | Create | Villager (Male) |
| 0:39 | Build | Palisade Wall |
| 1:01 | Build | Palisade Wall |
| 1:49 | Create | Villager (Male) |
| 2:32 | Create | Villager (Male) |
| 2:36 | Build | House |
| 3:00 | Create | Villager (Male) |
| 3:22 | Build | Palisade Wall |
| 3:23 | Build | Palisade Wall |
| 3:28 | Create | Villager (Male) |
| 3:33 | Build | Palisade Wall |
| 3:35 | Build | Palisade Wall |
| 3:36 | Build | Palisade Wall |
| 3:46 | Create | Villager (Male) |
| 3:47 | Create | Villager (Male) |
| 4:17 | Build | House |
| 4:24 | Create | Villager (Male) |
| 4:25 | Create | Villager (Male) |
| 4:44 | Create | Villager (Male) |
| 5:03 | Build | Lumber Camp |
| 5:14 | Create | Villager (Male) |
| 5:35 | Create | Villager (Male) |
| 5:51 | Create | Villager (Male) |
| 5:51 | Create | Villager (Male) |
| 6:22 | Build | House |
| 6:25 | Create | Villager (Male) |
| 6:25 | Create | Villager (Male) |
| 6:45 | Create | Villager (Male) |
| 7:04 | Create | Villager (Male) |
| 7:04 | Create | Villager (Male) |
| 7:05 | Create | Villager (Male) |
| 7:52 | Create | Villager (Male) |
| 8:11 | Build | Barracks |
| 8:12 | Create | Villager (Male) |
| 8:38 | Create | Villager (Male) |
| 8:55 | Research | Feudal Age |
| 8:55 | Research | Feudal Age |
| 9:19 | Build | Mining Camp |
| 9:29 | Create | Militia |
| 9:29 | Create | Militia |
| 9:38 | Create | Militia |
| 9:59 | Build | House |
| 10:02 | Create | Villager (Male) |
| 11:13 | Age | Feudal Age |
| 11:15 | Build | Watch Tower |
| 11:16 | Research | Man-at-Arms (upgrade) |
| 11:17 | Create | Villager (Male) |
| 11:23 | Build | Mill |
| 11:35 | Create | Villager (Male) |
| 12:02 | Create | Villager (Male) |
| 12:03 | Build | House |
| 12:21 | Build | Watch Tower |
| 12:23 | Create | Villager (Male) |
| 12:50 | Build | Mill |
| 13:02 | Create | Villager (Male) |
| 13:23 | Create | Villager (Male) |
| 13:59 | Create | Villager (Male) |
| 14:13 | Build | Lumber Camp |
| 14:13 | Create | Villager (Male) |
| 14:18 | Create | Villager (Male) |
| 14:45 | Create | Villager (Male) |
| 15:06 | Build | Watch Tower |
| 15:15 | Create | Villager (Male) |
| 15:19 | Create | Villager (Male) |
Build order — Edelreiss
70 actions detected in the replay
| 0:00 | Create | Villager (Male) |
| 0:01 | Create | Villager (Male) |
| 0:02 | Build | House |
| 0:03 | Build | House |
| 0:05 | Create | Villager (Male) |
| 0:06 | Create | Villager (Male) |
| 0:19 | Research | Loom |
| 0:20 | Create | Villager (Male) |
| 0:27 | Create | Villager (Male) |
| 0:31 | Create | Villager (Male) |
| 1:30 | Build | Palisade Wall |
| 1:37 | Create | Villager (Male) |
| 1:57 | Create | Villager (Male) |
| 2:17 | Build | House |
| 2:22 | Build | House |
| 2:30 | Create | Villager (Male) |
| 3:12 | Create | Villager (Male) |
| 3:20 | Create | Villager (Male) |
| 3:40 | Build | Lumber Camp |
| 3:53 | Create | Villager (Male) |
| 4:09 | Create | Villager (Male) |
| 4:16 | Build | House |
| 4:51 | Create | Villager (Male) |
| 5:18 | Create | Villager (Male) |
| 5:19 | Create | Villager (Male) |
| 5:32 | Build | House |
| 6:07 | Create | Villager (Male) |
| 6:10 | Create | Villager (Male) |
| 6:12 | Create | Villager (Male) |
| 6:16 | Create | Villager (Male) |
| 7:27 | Create | Villager (Male) |
| 7:34 | Build | Mill |
| 8:00 | Build | House |
| 8:13 | Create | Villager (Male) |
| 8:32 | Build | Mining Camp |
| 8:40 | Research | Feudal Age |
| 8:59 | Create | Villager (Male) |
| 9:01 | Create | Villager (Male) |
| 10:56 | Age | Feudal Age |
| 10:57 | Build | Market |
| 10:58 | Build | Blacksmith |
| 11:32 | Build | Stone Wall |
| 11:37 | Build | Stone Wall |
| 11:39 | Build | Stone Wall |
| 11:47 | Research | Castle Age |
| 12:17 | Research | Double-Bit Axe |
| 12:31 | Build | Barracks |
| 12:48 | Research | Fletching |
| 13:06 | Build | Archery Range |
| 13:29 | Build | House |
| 13:38 | Build | House |
| 13:39 | Build | House |
| 13:43 | Build | House |
| 13:45 | Create | Archer |
| 13:46 | Create | Archer |
| 13:47 | Create | Villager (Male) |
| 14:03 | Create | Villager (Male) |
| 14:21 | Create | Archer |
| 14:27 | Age | Castle Age |
| 14:30 | Research | Bow Saw |
| 14:37 | Research | Bodkin Arrow |
| 14:39 | Create | Archer |
| 14:55 | Build | Palisade Wall |
| 14:56 | Build | Palisade Wall |
| 15:00 | Build | Palisade Wall |
| 15:02 | Build | Palisade Wall |
| 15:05 | Create | Archer |
| 15:10 | Build | Palisade Wall |
| 15:26 | Create | Villager (Male) |
| 15:38 | Create | Archer |
Match timeline
| 0:39 | Ceeelebrate · wall_segment Palisade Wall x14 |
| 1:01 | Ceeelebrate · wall_segment Palisade Wall x10 |
| 1:30 | Edelreiss · wall_segment Palisade Wall x7 |
| 3:22 | Ceeelebrate · wall_segment Palisade Wall x1 |
| 3:23 | Ceeelebrate · wall_segment Palisade Wall x1 |
| 3:33 | Ceeelebrate · wall_segment Palisade Wall x7 |
| 3:35 | Ceeelebrate · wall_segment Palisade Wall x1 |
| 3:36 | Ceeelebrate · wall_segment Palisade Wall x3 |
| 8:11 | Ceeelebrate · first_building Barracks |
| 10:56 | Edelreiss · age_up feudal |
| 11:13 | Ceeelebrate · age_up feudal |
| 11:32 | Edelreiss · wall_segment Stone Wall x6 |
| 11:37 | Edelreiss · wall_segment Stone Wall x5 |
| 11:39 | Edelreiss · wall_segment Stone Wall x4 |
| 12:31 | Edelreiss · first_building Barracks |
| 13:06 | Edelreiss · first_building Archery Range |
| 14:27 | Edelreiss · age_up castle |
| 14:55 | Edelreiss · wall_segment Palisade Wall x1 |
| 14:56 | Edelreiss · wall_segment Palisade Wall x1 |
| 15:00 | Edelreiss · wall_segment Palisade Wall x1 |
| 15:02 | Edelreiss · wall_segment Palisade Wall x1 |
| 15:10 | Edelreiss · wall_segment Palisade Wall x1 |
| 15:41 | Ceeelebrate · resign |
[ AI ANALYSIS · 1 CREDIT ]
What really happened in this match?
Wolo.gg analyzes every decision: build order, eco, micro, common mistakes by bracket. Personalized analysis on WhatsApp or Discord in 30 seconds.
Civ guide
Poles
Perfil
Ceeelebrate